[Event "Titled Tuesday Blitz March 22 Late 2022"]
[White "Djokic, Mihailo"]
[Black "Villegas, Pierre"]
[WhiteFideId "976440"]
[BlackFideId "654183"]
[WhiteElo "2093"]
[BlackElo "2395"]
[Result "0-1"]
[Round "07"]
[TimeControl "180+1"]
[Date "2022.03.22"]
[WhiteClock "0:01:19"]
[BlackClock "0:02:04"]

1. e4 c6 2. d4 d5 3. e5 a6 4. c3 Bf5 5. Ne2 e6 6. Ng3 Bg6 7. h4 h5 8. Be2 c5 9. Nxh5 Bxh5 10. Bxh5 g6 11. Bf3 Rxh4 12. O-O cxd4 13. cxd4 Nc6 14. Be3 Rh8 15. Nc3 Qh4 16. Bh5 Rxh5 17. Qxh5 Qxh5 18. Rac1 Bh6 19. Rfe1 Nge7 20. Na4 O-O-O 21. b4 Rh8 22. Bxh6 Rxh6 23. Kf1 Qg4 0-1


[Site "https://www.chess.com"]

[Event "Titled Tuesday Blitz March 22 Late 2022"]
[White "Domingo Nunez, Alejandro"]
[Black "Ibarra Jerez, Jose Carlos"]
[WhiteFideId "22245561"]
[BlackFideId "2226332"]
[WhiteElo "2215"]
[BlackElo "2626"]
[Result "1-0"]
[Round "07"]
[TimeControl "180+1"]
[Date "2022.03.22"]
[WhiteClock "0:00:10"]
[BlackClock "0:00:07"]

1. c4 e5 2. Nc3 Nc6 3. Nf3 Nf6 4. g3 Nd4 5. e3 Nxf3+ 6. Qxf3 d6 7. Bg2 c6 8. h3 Be6 9. b3 Qd7 10. g4 h6 11. d4 exd4 12. exd4 d5 13. c5 b6 14. Be3 bxc5 15. dxc5 Be7 16. Bd4 O-O 17. O-O Rab8 18. Rad1 Rfe8 19. Qg3 Rb4 20. Na4 Qc8 21. Rfe1 Nh7 22. Qc3 Rxd4 23. Qxd4 Bf6 24. Qf4 Nf8 25. Qd2 Ng6 26. f4 Nh4 27. f5 Bd7 28. Rxe8+ Qxe8 29. Re1 Qb8 30. Qf2 Qb4 31. Rd1 Bc8 32. Qd2 Qb8 33. Qe3 Ba6 34. Bf1 Bxf1 35. Kxf1 Kh7 36. Qf2 Qb4 37. Nb2 Qe4 38. Nd3 Qh1+ 39. Ke2 Qxh3 40. Rg1 h5 41. g5 Bd8 42. g6+ fxg6 43. fxg6+ Nxg6 44. Rxg6 Kxg6 45. Nf4+ 1-0


[Site "https://www.chess.com"]

[Event "Titled Tuesday Blitz March 22 Late 2022"]
[White "Donchenko, Alexander"]
[Black "Vasquez Schroeder, Rodrigo"]
[WhiteFideId "24603295"]
[BlackFideId "3400042"]
[WhiteElo "2539"]
[BlackElo "2561"]
[Result "1/2-1/2"]
[Round "07"]
[TimeControl "180+1"]
[Date "2022.03.22"]
[WhiteClock "0:00:16"]
[BlackClock "0:00:41"]

1. Nf3 c5 2. c4 Nf6 3. g3 b6 4. Bg2 Bb7 5. O-O e6 6. Nc3 a6 7. Re1 Be7 8. e4 d6 9. d4 cxd4 10. Nxd4 Qc7 11. Be3 Nbd7 12. Rc1 Rc8 13. b3 O-O 14. h3 Nc5 15. Qc2 Rb8 16. f4 Rbc8 17. f5 e5 18. Nde2 Qb8 19. g4 h6 20. Ng3 b5 21. Qe2 bxc4 22. bxc4 Nh7 23. Rb1 Qc7 24. Nd5 Bxd5 25. cxd5 Bg5 26. Bf2 Nf6 27. Nf1 Rb8 28. Nd2 Rxb1 29. Nxb1 Rb8 30. Qc2 Qa5 31. Nc3 Qa3 32. Rb1 Rxb1+ 33. Nxb1 Qb4 34. Nc3 h5 35. Bf3 hxg4 36. hxg4 Bf4 37. Kg2 Nh7 38. Ne2 Ng5 39. Nxf4 exf4 40. e5 Qa3 41. Qe2 dxe5 42. Bxc5 Qxc5 43. Qxe5 Qc2+ 44. Qe2 Qc3 45. d6 Qd4 46. Qxa6 Qd2+ 47. Qe2 Qxd6 48. a4 Qa3 49. Qd1 Qa2+ 50. Kh1 Qf2 51. Qd8+ Kh7 52. Qxg5 Qxf3+ 53. Kg1 Qg3+ 54. Kf1 Qd3+ 55. Kf2 Qe3+ 56. Kf1 Qf3+ 57. Kg1 Qg3+ 58. Kf1 f3 59. Qd2 Qxg4 60. Qh2+ Kg8 61. Qb8+ Kh7 62. Qh2+ Kg8 63. Qb8+ Kh7 64. Qh2+ 1/2-1/2


[Site "https://www.chess.com"]

[Event "Titled Tuesday Blitz March 22 Late 2022"]
[White "Donchenko, Anatoly"]
[Black "Kokoszczynski, Jan"]
[WhiteFideId "4106091"]
[BlackFideId "1174460"]
[WhiteElo "2339"]
[BlackElo "2163"]
[Result "0-1"]
[Round "07"]
[TimeControl "180+1"]
[Date "2022.03.22"]
[WhiteClock "0:00:15"]
[BlackClock "0:00:07"]

1. Nf3 Nf6 2. d4 g6 3. g3 c5 4. c4 cxd4 5. Nxd4 Bg7 6. Bg2 Nc6 7. Nc3 O-O 8. O-O Qa5 9. Nb3 Qh5 10. e4 Qxd1 11. Rxd1 d6 12. c5 dxc5 13. Nxc5 e5 14. h3 b6 15. Nb3 Be6 16. Be3 Bxb3 17. axb3 Na5 18. Ra3 Rfd8 19. Nd5 Nxd5 20. exd5 Rac8 21. b4 Nc4 22. Rxa7 Nxe3 23. fxe3 Rc2 24. d6 Rxb2 25. Bd5 Bh6 26. e4 Be3+ 27. Kh1 Rf2 28. d7 Kf8 29. b5 Ke7 30. Bc6 Bd4 31. Ra3 h5 32. h4 f6 33. Rdd3 f5 34. Rf3 Rxf3 35. Rxf3 Ke6 36. exf5+ gxf5 37. Ra3 e4 38. Kg2 Ke7 39. Ra4 Be5 40. Ra2 Rg8 41. Ra3 Bc7 42. Kf2 Bd6 43. Rb3 Bc5+ 44. Kg2 Kf6 45. Kh3 Ke5 46. Rb1 f4 47. gxf4+ Kxf4 48. Rf1+ Ke5 49. Rf7 e3 50. Bf3 Bd6 51. Bxh5 Ke6 52. Rf1 Rg3+ 53. Kh2 Rg8+ 54. Kh3 Kxd7 55. Bg4+ Ke7 56. Re1 Bc5 57. Re2 Kd6 58. h5 Ke5 59. Kh4 Kf4 60. Be6 Rg3 61. h6 Be7+ 62. Kh5 Rg5+ 63. Kh4 Rg2+ 64. Kh3 Rxe2 65. h7 Bf6 66. Bg4 Rf2 67. Bh5 Bh8 68. Kh4 e2 69. Bxe2 Rxe2 70. Kh5 Re6 71. Kh4 Rh6# 0-1


[Site "https://www.chess.com"]

[Event "Titled Tuesday Blitz March 22 Late 2022"]
[White "Ezat, Mohamed"]
[Black "Shuvalova, Polina"]
[WhiteFideId "10600906"]
[BlackFideId "24171760"]
[WhiteElo "2386"]
[BlackElo "2355"]
[Result "1-0"]
[Round "07"]
[TimeControl "180+1"]
[Date "2022.03.22"]
[WhiteClock "0:01:41"]
[BlackClock "0:00:20"]

1. d4 Nf6 2. c4 e6 3. Nc3 Bb4 4. e3 O-O 5. a3 Bxc3+ 6. bxc3 c5 7. Bd3 Nc6 8. Ne2 b6 9. O-O Bb7 10. e4 d6 11. Bg5 h6 12. Bh4 cxd4 13. cxd4 e5 14. d5 Na5 15. f4 exf4 16. Nxf4 g5 17. Nh5 Nxh5 18. Qxh5 Kg7 19. e5 gxh4 20. Rf6 Qxf6 21. exf6+ Kxf6 22. Re1 Rae8 23. Qxh6# 1-0


[Site "https://www.chess.com"]

[Event "Titled Tuesday Blitz March 22 Late 2022"]
[White "Fedoseev, Vladimir"]
[Black "Paravyan, David"]
[WhiteFideId "24130737"]
[BlackFideId "4194985"]
[WhiteElo "2726"]
[BlackElo "2569"]
[Result "1-0"]
[Round "07"]
[TimeControl "180+1"]
[Date "2022.03.22"]
[WhiteClock "0:00:34"]
[BlackClock "0:00:05"]

1. g3 Nf6 2. Bg2 c5 3. e4 Nc6 4. Ne2 d5 5. exd5 Nxd5 6. Nbc3 Nxc3 7. bxc3 e5 8. O-O Bd6 9. d4 cxd4 10. cxd4 exd4 11. Nxd4 O-O 12. Nxc6 bxc6 13. Qd4 Bc7 14. Qxd8 Rxd8 15. Bxc6 Rb8 16. Be3 Bh3 17. Bxa7 Rb2 18. Rfc1 Rd2 19. Be4 Bb6 20. Bxb6 Rxb6 21. Rd1 Rxd1+ 22. Rxd1 g6 23. Ra1 Rb4 24. Bd5 Rd4 25. Bb3 Kf8 26. a4 Rd7 27. a5 Ra7 28. a6 Ke7 29. Bc4 Kd6 30. f3 Kc5 31. Bxf7 Bc8 32. Bg8 h6 33. Kf2 Kb6 34. Bc4 Rc7 35. Bd3 g5 36. a7 Rxa7 37. Rxa7 Kxa7 38. Ke3 Kb6 39. Kd4 1-0


[Site "https://www.chess.com"]

[Event "Titled Tuesday Blitz March 22 Late 2022"]
[White "Fernandez Siles, Luis"]
[Black "Jeet, Jain"]
[WhiteFideId "2209420"]
[BlackFideId "5073022"]
[WhiteElo "2212"]
[BlackElo "2085"]
[Result "0-1"]
[Round "07"]
[TimeControl "180+1"]
[Date "2022.03.22"]
[WhiteClock "0:00:04"]
[BlackClock "0:01:32"]

1. d4 Nf6 2. c4 c5 3. d5 b5 4. Qc2 d6 5. e4 g6 6. f4 Bg7 7. Nf3 O-O 8. Nc3 b4 9. Nd1 e6 10. Bd3 exd5 11. cxd5 Ba6 12. Bxa6 Nxa6 13. O-O Re8 14. Re1 Nc7 15. Nd2 Nfxd5 16. Nc4 Nb6 17. Be3 d5 18. exd5 Ncxd5 19. Nxb6 axb6 20. Bf2 Rxe1+ 21. Bxe1 Nxf4 22. Qe4 Qd4+ 23. Qxd4 Bxd4+ 24. Kf1 Nd3 25. Bd2 Nxb2 26. Nxb2 Bxb2 27. Re1 Kg7 28. Re2 Rxa2 29. g4 Bd4 30. Bh6+ Kxh6 31. Rxa2 b3 32. Ra3 b2 33. Rb3 c4 34. Rb5 c3 35. g5+ Kg7 0-1


[Site "https://www.chess.com"]

[Event "Titled Tuesday Blitz March 22 Late 2022"]
[White "Ferreira, Vitor Hugo Vieira"]
[Black "Jary, Sergey"]
[WhiteFideId "2119765"]
[BlackFideId "14110350"]
[WhiteElo "2165"]
[BlackElo "2260"]
[Result "0-1"]
[Round "07"]
[TimeControl "180+1"]
[Date "2022.03.22"]
[WhiteClock "0:00:05"]
[BlackClock "0:00:44"]

1. e4 c5 2. Nf3 Nc6 3. d4 cxd4 4. Nxd4 g6 5. c4 Nf6 6. Nc3 d6 7. Be2 Nxd4 8. Qxd4 Bg7 9. O-O O-O 10. Bg5 Be6 11. Qd2 a6 12. Bh6 Bxh6 13. Qxh6 Rc8 14. Rad1 Qa5 15. Nd5 Bxd5 16. exd5 Qxa2 17. Rd2 Qa4 18. Bd3 Qb4 19. Re2 Rc7 20. Rfe1 Re8 21. h3 Qb3 22. Qd2 b5 23. cxb5 axb5 24. Re3 Qxd5 25. Qe2 e5 26. Bxb5 Rb8 27. Bd3 Kg7 28. Rd1 Qc5 29. Kh1 Rb4 30. Qd2 Qb6 31. Bf1 Rxb2 32. Qe1 Qc5 33. Red3 Rxf2 34. Rxd6 e4 35. Rd8 Nh5 36. Ba6 e3 37. Ra1 Qg5 38. Qg1 Qxd8 39. Qb1 Qd4 40. Qb2 Qxb2 0-1


[Site "https://www.chess.com"]

[Event "Titled Tuesday Blitz March 22 Late 2022"]
[White "Fieberg, Samuel"]
[Black "Karas, Marek"]
[WhiteFideId "12901717"]
[BlackFideId "14928558"]
[WhiteElo "2457"]
[BlackElo "2271"]
[Result "1-0"]
[Round "07"]
[TimeControl "180+1"]
[Date "2022.03.22"]
[WhiteClock "0:00:02"]
[BlackClock "0:00:25"]

1. e4 g6 2. d4 Bg7 3. Nc3 d6 4. Be3 a6 5. a4 b6 6. h4 h5 7. Bc4 e6 8. Bb3 Bb7 9. f3 Nd7 10. Nge2 Ngf6 11. Qd2 Qe7 12. O-O-O O-O-O 13. Kb1 Kb8 14. d5 Nc5 15. Bc4 exd5 16. Nxd5 Nxd5 17. Bxc5 dxc5 18. exd5 Rhe8 19. Nc3 Qe3 20. Qxe3 Rxe3 21. d6 cxd6 22. Bxf7 Bxc3 23. bxc3 Rxc3 24. Kb2 Re3 25. Rhe1 Rxe1 26. Rxe1 d5 27. Re8 Rxe8 28. Bxe8 Kc7 29. Bxg6 Kd6 30. Bxh5 Ke5 31. g3 d4 32. Bg4 b5 33. axb5 axb5 34. h5 c4 35. f4+ Kf6 36. Bd1 b4 37. g4 Bd5 38. Be2 c3+ 39. Kc1 Be4 40. g5+ Kg7 41. h6+ Kg6 42. Bc4 Bf5 43. Kd1 Kh7 44. Kc1 Kg6 45. Kb1 Kh7 46. Ka2 Bxc2 47. Be6 d3 48. Bf5+ Kg8 49. g6 b3+ 50. Ka3 b2 51. g7 Bb3 52. Bxd3 Bf7 53. Kb4 Bg6 54. Bxg6 1-0


[Site "https://www.chess.com"]

[Event "Titled Tuesday Blitz March 22 Late 2022"]
[White "Gabrielian, Artur"]
[Black "Msellek, Ilyass"]
[WhiteFideId "4131002"]
[BlackFideId "675938"]
[WhiteElo "2440"]
[BlackElo "2219"]
[Result "1-0"]
[Round "07"]
[TimeControl "180+1"]
[Date "2022.03.22"]
[WhiteClock "0:00:25"]
[BlackClock "0:00:02"]

1. e4 d6 2. d4 Nf6 3. Nc3 e5 4. Nf3 Nbd7 5. Bc4 Be7 6. g4 exd4 7. Nxd4 Ne5 8. Be2 Bxg4 9. Rg1 Bxe2 10. Qxe2 g6 11. Bh6 Qd7 12. Bg7 Rg8 13. Bxf6 Bxf6 14. Nd5 Bg7 15. f4 Nc6 16. Nb5 Rc8 17. e5 dxe5 18. O-O-O Nd4 19. Rxd4 Kf8 20. fxe5 c6 21. Nf6 Qh3 22. Nd6 Rd8 23. Nxg8 Kxg8 24. Rgd1 h5 25. Kb1 a5 26. a3 b5 27. Nxb5 Rb8 28. Rd8+ Rxd8 29. Rxd8+ Kh7 30. Nd6 Qh4 31. Nxf7 Qe7 32. Qf3 a4 33. Rd1 Qb7 34. c3 Qe7 35. Qf4 Kg8 36. Ng5 Bh6 37. h4 Bg7 38. Qc4+ Kh8 39. Qxc6 Bxe5 40. Qxg6 Bxc3 41. Nf7+ Qxf7 42. Qxf7 Bg7 43. Rd7 Bxb2 44. Qh7# 1-0


[Site "https://www.chess.com"]

[Event "Titled Tuesday Blitz March 22 Late 2022"]
[White "Gatterer, Florian"]
[Black "Romanchuk, Viktor"]
[WhiteFideId "811688"]
[BlackFideId "14109271"]
[WhiteElo "2218"]
[BlackElo "2242"]
[Result "1/2-1/2"]
[Round "07"]
[TimeControl "180+1"]
[Date "2022.03.22"]
[WhiteClock "0:00:01"]
[BlackClock "0:00:31"]

1. e4 e6 2. d4 d5 3. Nd2 dxe4 4. Nxe4 Nd7 5. Nf3 Ngf6 6. Nxf6+ Nxf6 7. Be3 Nd5 8. Qd2 Bb4 9. c3 Bd6 10. Bg5 Be7 11. Bxe7 Qxe7 12. Bd3 Bd7 13. O-O-O O-O-O 14. Rhe1 Qf6 15. Be4 Ba4 16. b3 Be8 17. Kb2 Qf4 18. Bxd5 Qxd2+ 19. Rxd2 Rxd5 20. c4 Rd8 21. Kc3 Rf8 22. g3 h6 23. h4 b6 24. Rde2 Rd6 25. Ne5 f6 26. Nd3 Bf7 27. Nf4 Re8 28. h5 c5 29. dxc5 bxc5 30. Re3 Kc7 31. g4 e5 32. Nd3 Kc6 33. f4 Rd4 34. fxe5 Rxg4 35. exf6 Rxe3 36. Rxe3 gxf6 37. Re7 Bxh5 38. Re6+ Kc7 39. Nxc5 Rf4 40. Na6+ Kd7 41. Nc5+ Kd8 42. a4 Bf7 43. Ra6 h5 44. Rxa7 Ke8 45. Nb7 Kf8 46. Nd6 Bg6 47. c5 h4 48. c6 Rf2 49. Kb4 Rc2 50. c7 h3 51. Ra8+ Kg7 52. c8=Q 1/2-1/2


[Site "https://www.chess.com"]

[Event "Titled Tuesday Blitz March 22 Late 2022"]
[White "Golubka, Petro"]
[Black "Sanal, Vahap"]
[WhiteFideId "14114224"]
[BlackFideId "6300545"]
[WhiteElo "2346"]
[BlackElo "2603"]
[Result "0-1"]
[Round "07"]
[TimeControl "180+1"]
[Date "2022.03.22"]
[WhiteClock "0:00:21"]
[BlackClock "0:00:58"]

1. d4 Nf6 2. Bg5 e6 3. Nd2 d5 4. e3 Be7 5. Ngf3 Nbd7 6. c3 b6 7. Qc2 Bb7 8. O-O-O c5 9. h4 h6 10. Bf4 Ng4 11. Bg3 a6 12. h5 b5 13. Kb1 b4 14. dxc5 bxc3 15. c6 Bxc6 16. Qxc3 Qb6 17. Nd4 Ba4 18. Rc1 O-O 19. Qc7 Qb4 20. N2b3 Bxb3 21. axb3 Ngf6 22. Nc6 Qe4+ 23. Ka2 Rfe8 24. Rh4 Qf5 25. Nd4 Qh7 26. Be2 e5 27. Nc6 Bf8 28. Nxe5 Nxe5 29. Bxe5 Qf5 30. Bxf6 Rac8 31. Qxc8 Rxc8 32. Rxc8 Qxc8 33. Bc3 Be7 34. Rg4 Bf8 35. g3 Qf5 36. Rf4 Qe6 37. Bf3 Bc5 38. Rg4 Qf5 39. Rf4 Qd3 40. b4 Bb6 41. Rg4 d4 42. Bxd4 Qc4+ 43. Ka3 Qd3+ 44. Bc3 Kf8 45. Rf4 a5 46. bxa5 Bxa5 47. Rd4 Qa6 48. Kb3 Qb5+ 49. Kc2 Qf5+ 50. Be4 Qxf2+ 51. Rd2 Qxe3 52. Bxa5 Qxe4+ 53. Rd3 Qa4+ 0-1


[Site "https://www.chess.com"]

[Event "Titled Tuesday Blitz March 22 Late 2022"]
[White "Goryachkina, Aleksandra"]
[Black "Vusatiuk, Vladimir"]
[WhiteFideId "4147103"]
[BlackFideId "14118610"]
[WhiteElo "2426"]
[BlackElo "2157"]
[Result "1-0"]
[Round "07"]
[TimeControl "180+1"]
[Date "2022.03.22"]
[WhiteClock "0:00:03"]
[BlackClock "0:00:07"]

1. e4 Nc6 2. Nc3 e6 3. Nf3 d5 4. exd5 exd5 5. d4 Bg4 6. Bb5 Bb4 7. h3 Bh5 8. O-O Ne7 9. Bf4 O-O 10. Re1 Bxf3 11. Qxf3 Nxd4 12. Qd3 Bxc3 13. bxc3 Nxb5 14. Qxb5 b6 15. Rad1 c6 16. Qb4 Ng6 17. Bg3 b5 18. Re3 Qd7 19. h4 h5 20. Qc5 Rfe8 21. Rde1 Rxe3 22. Rxe3 a6 23. Qb6 f5 24. Rf3 Rf8 25. Bf4 Nxh4 26. Rg3 Qe6 27. Qd4 Rf7 28. Rg5 Ng6 29. Rxh5 Nxf4 30. Qxf4 g6 31. Rh3 Kg7 32. Qh6+ Kf6 33. Qh8+ Ke7 34. Re3 Kd7 35. Rxe6 Kxe6 36. Qe8+ Kf6 37. Qxc6+ Kg7 38. Qxa6 Rf6 39. Qxb5 Re6 40. Qxd5 Re1+ 41. Kh2 Ra1 42. Qd4+ Kh6 43. a4 Ra3 44. Qb4 Ra2 45. a5 Rxc2 46. a6 Ra2 47. Qb6 Kh5 48. a7 f4 49. Qb7 f3 50. Qxf3+ Kh6 51. a8=Q Rxa8 52. Qxa8 1-0


[Site "https://www.chess.com"]

[Event "Titled Tuesday Blitz March 22 Late 2022"]
[White "Gulecyuz, Deniz"]
[Black "Bibasa, Bob"]
[WhiteFideId "30921341"]
[BlackFideId "10000240"]
[WhiteElo "1923"]
[BlackElo "2056"]
[Result "0-1"]
[Round "07"]
[TimeControl "180+1"]
[Date "2022.03.22"]
[WhiteClock "0:00:12"]
[BlackClock "0:00:55"]

1. e4 c5 2. Nf3 d6 3. d4 cxd4 4. Nxd4 Nf6 5. Nc3 a6 6. Bg5 Nbd7 7. f4 Qc7 8. Qf3 h6 9. Bh4 g5 10. Bf2 gxf4 11. Qxf4 e5 12. Qh4 exd4 13. Bxd4 Be7 14. Bd3 b5 15. O-O b4 16. Ne2 Rg8 17. Rae1 Bb7 18. Bxf6 Nxf6 19. Rxf6 Bxf6 20. Qxf6 Qe7 21. Qxh6 O-O-O 22. Nf4 f5 23. Qh3 Kb8 24. Qxf5 Rdf8 25. Qe6 Qg5 26. Qxd6+ Ka8 27. Bxa6 Qxf4 28. Bxb7+ Kxb7 29. Qxb4+ Kc8 30. Qc4+ Qc7 31. Qe6+ Kb8 32. Qb3+ Ka8 33. Qd5+ Ka7 34. Re3 Qb6 35. Qd7+ Kb8 36. Qh3 Rd8 37. Kf2 Rd2+ 38. Ke1 Qd4 39. Rb3+ Ka8 40. Ra3+ Kb7 41. Rb3+ Ka8 42. Ra3+ Kb7 43. Rb3+ Ka6 44. Ra3+ Kb6 45. Qe6+ Qd6 46. Rb3+ Kc7 47. Rc3+ Kb7 48. Rb3+ Ka7 49. Qxg8 Rd1+ 50. Kf2 Qf4+ 51. Ke2 Rd2+ 0-1


[Site "https://www.chess.com"]

[Event "Titled Tuesday Blitz March 22 Late 2022"]
[White "Halkias, Stelios"]
[Black "Martinez Reyes, Pedro Ramon"]
[WhiteFideId "4201809"]
[BlackFideId "3901807"]
[WhiteElo "2453"]
[BlackElo "2410"]
[Result "0-1"]
[Round "07"]
[TimeControl "180+1"]
[Date "2022.03.22"]
[WhiteClock "0:00:12"]
[BlackClock "0:01:07"]

1. e4 c5 2. Nc3 Nc6 3. Bb5 Na5 4. Nf3 a6 5. Be2 e6 6. d4 cxd4 7. Nxd4 d6 8. O-O Nf6 9. f4 Be7 10. Kh1 O-O 11. Be3 Qc7 12. Qd3 Rd8 13. Rad1 b5 14. Bf3 Bb7 15. g4 Nc4 16. Bc1 b4 17. Nce2 e5 18. Nf5 d5 19. exd5 Rxd5 20. Nxe7+ Qxe7 21. Qxc4 Rxd1 22. Rxd1 Bxf3+ 23. Kg1 Qa7+ 24. Kf1 Nxg4 25. Nd4 Bxd1 26. h3 Qxd4 0-1


[Site "https://www.chess.com"]

[Event "Titled Tuesday Blitz March 22 Late 2022"]
[White "Hambleton, Aman"]
[Black "Costachi, Mihnea"]
[WhiteFideId "2606577"]
[BlackFideId "1217518"]
[WhiteElo "2552"]
[BlackElo "2464"]
[Result "0-1"]
[Round "07"]
[TimeControl "180+1"]
[Date "2022.03.22"]
[WhiteClock "0:00:01"]
[BlackClock "0:01:45"]

1. d4 Nf6 2. Bf4 g6 3. Nc3 d5 4. e3 Bg7 5. h4 h6 6. Nf3 Bg4 7. Be2 e6 8. Ne5 Bxe2 9. Qxe2 Nbd7 10. O-O-O Nxe5 11. Bxe5 c6 12. g4 b5 13. h5 gxh5 14. gxh5 Bf8 15. Qf3 Be7 16. Rhg1 a5 17. Rg7 a4 18. Rdg1 Rf8 19. Bf4 b4 20. Ne2 b3 21. Kb1 bxa2+ 22. Kxa2 Qb6 23. Be5 Nd7 24. Rg8 Nxe5 25. Rxf8+ Bxf8 26. dxe5 Rb8 27. b3 axb3+ 0-1


[Site "https://www.chess.com"]

[Event "Titled Tuesday Blitz March 22 Late 2022"]
[White "Hamitevici, Vladimir"]
[Black "Abdrlauf, Elham"]
[WhiteFideId "13902393"]
[BlackFideId "1533533"]
[WhiteElo "2359"]
[BlackElo "2334"]
[Result "0-1"]
[Round "07"]
[TimeControl "180+1"]
[Date "2022.03.22"]
[WhiteClock "0:00:01"]
[BlackClock "0:00:05"]

1. a3 d5 2. Nf3 g6 3. d4 Bg7 4. Bf4 Nf6 5. e3 O-O 6. Nbd2 c5 7. dxc5 Nbd7 8. b4 Nh5 9. Rb1 Nxf4 10. exf4 Qc7 11. g3 e5 12. fxe5 Nxe5 13. Bg2 Nxf3+ 14. Bxf3 Bh3 15. Be2 Rfe8 16. Rb3 Re7 17. Re3 Rae8 18. Nb3 d4 19. Rxe7 Qxe7 20. Qd3 Bf5 21. Qd1 Qe4 22. f3 Qxf3 23. Rf1 Qc3+ 24. Qd2 Bxc2 25. Qxc3 dxc3 26. Nc1 Bh6 27. Kf2 Be3+ 28. Kf3 Bd2 29. Kf2 Re6 30. Bd3 Be3+ 31. Kg2 Bxd3 32. Nxd3 c2 33. Nc1 Bd2 34. Nb3 Re1 0-1


[Site "https://www.chess.com"]

[Event "Titled Tuesday Blitz March 22 Late 2022"]
[White "Hartikainen, Jarmo"]
[Black "Ardila, Oscar Humberto"]
[WhiteFideId "503134"]
[BlackFideId "4404742"]
[WhiteElo "2102"]
[BlackElo "1966"]
[Result "0-1"]
[Round "07"]
[TimeControl "180+1"]
[Date "2022.03.22"]
[WhiteClock "0:00:01"]
[BlackClock "0:01:00"]

1. e4 e5 2. Nf3 Nf6 3. d4 Nxe4 4. Bd3 d5 5. Nxe5 Nf6 6. O-O Be7 7. b3 O-O 8. Bb2 Nbd7 9. Nd2 c6 10. c4 Re8 11. Re1 Nf8 12. c5 Ng6 13. Nxg6 hxg6 14. b4 b6 15. Bc3 bxc5 16. bxc5 Bf5 17. Qc2 Bxd3 18. Qxd3 Qd7 19. Rab1 Rab8 20. f3 Bf8 21. Nb3 Nh5 22. Bd2 Be7 23. Na5 Bh4 24. Rxe8+ Qxe8 25. Rxb8 Qxb8 26. Nxc6 Qb2 27. g3 Bf6 28. g4 Qxa2 29. gxh5 gxh5 30. Nb4 Qa1+ 31. Kg2 h4 32. h3 Bxd4 33. Be3 Qb2+ 34. Nc2 Bf6 35. f4 d4 36. Bf2 Qb7+ 0-1


[Site "https://www.chess.com"]

[Event "Titled Tuesday Blitz March 22 Late 2022"]
[White "Jaferian, Koosha"]
[Black "Moussard, Jules"]
[WhiteFideId "12507440"]
[BlackFideId "642908"]
[WhiteElo "2030"]
[BlackElo "2557"]
[Result "0-1"]
[Round "07"]
[TimeControl "180+1"]
[Date "2022.03.22"]
[WhiteClock "0:00:08"]
[BlackClock "0:01:29"]

1. Nf3 a6 2. b3 b5 3. g3 Bb7 4. Bg2 g5 5. Bb2 Nf6 6. d3 g4 7. Nh4 Bxg2 8. Nxg2 Rg8 9. h3 h5 10. hxg4 hxg4 11. e4 e6 12. Nd2 d5 13. Qe2 Nc6 14. O-O-O Bc5 15. Kb1 Nd4 16. Qe1 b4 17. Nf4 c6 18. exd5 Nxd5 19. Qe5 Qf6 20. Qxf6 Nxf6 21. Nc4 Nd5 22. Nxd5 cxd5 23. Bxd4 Bxd4 24. Ne3 a5 25. Rh4 Ke7 26. Rxg4 Bxe3 27. Rxg8 Rxg8 28. fxe3 Rxg3 29. Re1 f5 30. Kb2 Kd6 31. a3 e5 32. axb4 axb4 33. d4 Ke6 34. Kc1 f4 35. exf4 e4 36. Kd2 Kf5 37. Rf1 Rg2+ 38. Kd1 Rh2 39. Ke1 Rxc2 40. Kd1 Rc3 41. Kd2 Rxb3 42. Rh1 Rd3+ 43. Ke2 Rxd4 44. Rh5+ Kxf4 45. Rh8 Rd3 46. Rb8 b3 47. Rf8+ Ke5 48. Ra8 Kd4 49. Ra4+ Kc3 50. Ra3 Kc2 51. Ra8 b2 52. Rc8+ Rc3 53. Rb8 Rb3 54. Rc8+ Rc3 55. Rb8 d4 56. Ke1 d3 57. Kf2 d2 0-1


[Site "https://www.chess.com"]

[Event "Titled Tuesday Blitz March 22 Late 2022"]
[White "Janaszak, Dawid"]
[Black "Rustemov, Alexander"]
[WhiteFideId "1119206"]
[BlackFideId "4119002"]
[WhiteElo "2199"]
[BlackElo "2793"]
[Result "1-0"]
[Round "07"]
[TimeControl "180+1"]
[Date "2022.03.22"]
[WhiteClock "0:00:05"]
[BlackClock "0:00:13"]

1. e4 e6 2. d4 d5 3. Bd3 dxe4 4. Bxe4 Nf6 5. Bf3 c5 6. Ne2 Nc6 7. Be3 cxd4 8. Nxd4 Ne5 9. Nc3 Be7 10. Qe2 O-O 11. O-O-O Bd7 12. Kb1 Nxf3 13. gxf3 Qc7 14. Rhg1 Kh8 15. Bg5 Rac8 16. Nf5 Bc6 17. Nxe7 Qxe7 18. Ne4 Bxe4 19. fxe4 h6 20. Bh4 e5 21. Qf3 Rc6 22. Qf5 g6 23. Qh3 Kg7 24. c3 Qe6 25. Qxe6 Rxe6 26. Bxf6+ Rxf6 27. Rd2 Rf4 28. Re1 Rc8 29. Rd7 Rxf2 30. Rxb7 a5 31. Ra7 Rb8 32. b3 Rd8 33. Rxa5 Rdd2 34. b4 Rxh2 35. b5 h5 36. c4 h4 37. Ka1 h3 38. b6 Rhg2 39. b7 h2 40. b8=Q Rg1 41. Qxe5+ Kh7 42. Qxh2+ 1-0


[Site "https://www.chess.com"]

[Event "Titled Tuesday Blitz March 22 Late 2022"]
[White "Jones, Gawain C B"]
[Black "Hakobyan, Aram"]
[WhiteFideId "409561"]
[BlackFideId "13306677"]
[WhiteElo "2657"]
[BlackElo "2557"]
[Result "1/2-1/2"]
[Round "07"]
[TimeControl "180+1"]
[Date "2022.03.22"]
[WhiteClock "0:00:16"]
[BlackClock "0:00:09"]

1. Nf3 d5 2. g3 g6 3. Bg2 Bg7 4. d3 e5 5. O-O Ne7 6. c4 dxc4 7. dxc4 O-O 8. Nc3 Nbc6 9. h3 Be6 10. Qa4 h6 11. Rd1 Nd4 12. Be3 Bd7 13. Qa5 Nec6 14. Qd5 Nb4 15. Qc5 Nbc2 16. Nxe5 b6 17. Qd5 c6 18. Qd6 Nxe3 19. fxe3 Nf5 20. Qxd7 Bxe5 21. Qxd8 Raxd8 22. Bxc6 Nxe3 23. Rxd8 Rxd8 24. Bd5 Bxg3 25. Rc1 Kg7 26. b4 Be5 27. Kf2 Bxc3 28. Kxe3 Bxb4 29. Kd3 f5 30. e4 Re8 31. exf5 gxf5 32. Rg1+ Kf6 33. Rg8 Re1 34. Rh8 Kg5 35. Ra8 a5 36. Rg8+ Kf4 37. Rh8 Re3+ 38. Kc2 Rxh3 39. Rb8 Bc5 40. Rf8 Ke5 41. Re8+ Kd4 42. Re2 Re3 43. Rh2 Rc3+ 44. Kd1 Bb4 45. Rxh6 Bc5 46. Rh4+ Ke5 47. Kd2 Rg3 48. Kc2 f4 49. Rh5+ Kd4 50. Rf5 Ke3 51. Re5+ Kf2 52. Rf5 f3 53. Kd3 Kg2 54. a4 Kf2 55. Rf6 Rh3 56. Rf5 Rg3 57. Rf6 Be3 58. Rf5 Rh3 59. Rf8 Bc5 60. Rf7 Kg2 61. Rxf3 Rxf3+ 62. Ke2 Kg3 63. Bxf3 Kf4 64. Bc6 Ke5 65. Bb5 Kd4 66. Kd2 Bb4+ 67. Kc2 Kc5 68. Kb1 Be1 69. Ka1 Bh4 70. Kb1 Kb4 71. Ka1 Be7 72. Kb1 Bc5 73. Ka1 Ka3 74. Kb1 Kb3 75. Ka1 Be3 76. Kb1 Bd2 77. Ka1 Bc3+ 78. Kb1 Bb2 79. Bc6 Ba3 80. Bb5 Bc5 81. Ka1 Bd4+ 82. Kb1 Bc5 1/2-1/2


[Site "https://www.chess.com"]

[Event "Titled Tuesday Blitz March 22 Late 2022"]
[White "Kaasen, Tor Fredrik"]
[Black "Jacobson, Aaron"]
[WhiteFideId "1516647"]
[BlackFideId "2089912"]
[WhiteElo "2335"]
[BlackElo "2265"]
[Result "1-0"]
[Round "07"]
[TimeControl "180+1"]
[Date "2022.03.22"]
[WhiteClock "0:00:32"]
[BlackClock "0:00:01"]

1. e4 d5 2. exd5 Nf6 3. d4 Bg4 4. Be2 Bxe2 5. Qxe2 Qxd5 6. Nf3 e6 7. O-O Nc6 8. Rd1 O-O-O 9. c4 Qh5 10. Nc3 Rg8 11. Bg5 h6 12. Bh4 g5 13. Bg3 g4 14. Ne1 Bd6 15. Nc2 Bxg3 16. fxg3 Qg5 17. b4 e5 18. d5 Nd4 19. Nxd4 exd4 20. Rxd4 Rge8 21. Qf2 Re3 22. Rf4 Rxc3 23. Rxf6 Rxc4 24. Rxf7 Kb8 25. Rd1 Rxb4 26. Qc5 Rb2 27. Qxc7+ Ka8 28. Re7 Qg8 29. d6 a6 30. d7 Ka7 31. Qc5+ Kb8 32. Qe5+ Ka8 33. Re8 1-0


[Site "https://www.chess.com"]